Cogmind - Beta 15 @@@ ROGUE MODE // 2025.06.17 @ 23:04:30 Player: Envian Result: Self-destructed Performance ------------- Evolutions (3) 1500 Regions Visited (7) 1400 Robots Destroyed (53) 265 Value Destroyed (1466) 1466 Prototype IDs (28) 560 Alien Tech Used (0) 0 Bonus (558) 558 TOTAL SCORE: 5749 Bonus ------- Follower Combat Kills 70 Entered Garrisons 200 Aligned with FarCom 300 Friendly Fire -12 Cogmind --------- Core Integrity 428/700 Matter 290/300 Energy 83/100 System Corruption 7% Temperature Cool (9) Movement Flying (97) Ox1 Location -7/Garrison Parts ------- > --- POWER (1) -------- (None) > --- PROPULSION (4) --- Cooled VTOL Module Cooled VTOL Module > --- UTILITY (6) ------ Melee Analysis Suite Improved Melee Analysis Suite Transmission Jammer > --- WEAPON (2) ------- Latent Energy Streamer Flail > --- INVENTORY (5) ---- Improved Deuterium Engine Light Angular Momentum Engine Advanced Beam Rifle Peak State ------------ > --- POWER ------------ Heavy Ion Engine > --- PROPULSION ------- Xenon Bombardment Thruster Xenon Bombardment Thruster Cooled VTOL Module Cooled VTOL Module > --- UTILITY ---------- Improved Heat Sink Compact Battery Melee Analysis Suite Improved Melee Analysis Suite Improved Light Armor Plating Shield Generator > --- WEAPON ----------- Advanced Beam Rifle Flail > --- INVENTORY -------- Heavy Ion Engine Improved Flight Unit Xenon Bombardment Thruster Heavy Laser Latent Energy Streamer [Rating: 47] Favorites ----------- Power Improved Ion Engine Engine Improved Ion Engine Propulsion Wheel Wheel Wheel Flight Unit Xenon Bombardment Thruster Utility Improved Heat Sink Device Improved Heat Sink Storage Medium Storage Unit Processor Improved Melee Analysis Suite Protection Improved Light Armor Plating Weapon Small Laser Energy Gun Small Laser Energy Cannon Latent Energy Streamer Ballistic Gun Light Assault Rifle Impact Weapon Flail Slashing Weapon Blade Saw Build | -11 -10 -10 -10 -9 -8 -7 -7 ------- Run | Yrd Mat Min Exi Min Mat Fac Gar Slots Evolved 6 | . . . . . 4 2 . Power . | . . . . . . . . Propulsion 2 | . . . . . 1 1 . Utility 4 | . . . . . 3 1 . Weapon . | . . . . . . . . Parts Attached 48 | 6 11 . . 1 17 5 8 Power 6 | 1 3 . . . 1 . 1 Engine 6 | 1 3 . . . 1 . 1 Core . | . . . . . . . . Reactor . | . . . . . . . . Propulsion 14 | 2 1 . . 1 4 3 3 Treads . | . . . . . . . . Leg . | . . . . . . . . Wheel 5 | 2 1 . . 1 1 . . Hover . | . . . . . . . . Flight 9 | . . . . . 3 3 3 Utility 15 | 1 3 . . . 7 2 2 Device 7 | . 2 . . . 1 2 2 Storage 4 | 1 1 . . . 2 . . Processor 2 | . . . . . 2 . . Hackware . | . . . . . . . . Protection 2 | . . . . . 2 . . Artifact . | . . . . . . . . Weapon 13 | 2 4 . . . 5 . 2 Energy Gun 8 | . 4 . . . 4 . . Energy Cannon 1 | . . . . . . . 1 Ballistic Gun 2 | 2 . . . . . . . Ballistic Cannon . | . . . . . . . . Launcher . | . . . . . . . . Special Weapon . | . . . . . . . . Impact Weapon 1 | . . . . . 1 . . Slashing Weapon 1 | . . . . . . . 1 Piercing Weapon . | . . . . . . . . Special Melee Weapon . | . . . . . . . . Unidentified Prototypes 1 | . . . . . . 1 . Parts Lost 21 | . 6 . . 1 2 . 12 Power 4 | . 2 . . . . . 2 Propulsion 7 | . 1 . . 1 . . 5 Utility 6 | . 1 . . . 1 . 4 Weapon 4 | . 2 . . . 1 . 1 Highest Loss Streak 4 | . 2 . . 1 1 . 4 To Critical Strikes . | . . . . . . . . Average Backups 6 | . 5 10 10 9 7 4 4 Power 1 | . 1 2 2 2 1 1 1 Propulsion 1 | . 2 3 3 2 1 1 1 Utility . | . . 1 1 1 . . . Weapon 2 | . 1 3 3 4 4 1 1 Tool/Special . | . . . . . . . . Unused Backups 21 | . 5 1 1 . 9 1 4 Power 9 | . 3 . . . 3 . 3 Propulsion 3 | . . 1 . . 1 . 1 Utility 1 | . . . . . . 1 . Weapon 7 | . 2 . . . 5 . . Tool/Special 1 | . . . 1 . . . . Average Slot Usage (%) 92 | . 94 100 100 97 88 99 74 Engine 10 | . 13 14 14 14 9 7 5 Wheel 19 | . 26 28 28 25 18 . . Flight 7 | . . . . . 6 30 25 Device 12 | . 12 14 14 14 8 16 15 Storage 11 | . 14 14 14 14 15 4 . Processor 3 | . . . . . 2 15 15 Protection 3 | . . . . . 9 7 1 Energy Gun 17 | . 21 28 28 28 16 7 . Ballistic Gun 1 | . 6 . . . . . . Impact Weapon 1 | . . . . . . 7 6 Peak Build Rating 47 | 6 11 11 12 12 39 47 47 Average Rating 20 | 4 8 11 11 11 25 46 37 On Entrance 17 | . 6 11 11 12 12 39 47 Naked Turns . | . . . . . . . . Heaviest Build 31 | 13 21 21 21 21 31 19 21 Greatest Support 30 | 26 26 26 26 20 30 23 22 Greatest Overweight (x) 10 | . . . . 2 10 . 2 Average Overweight (x) . | . . . . 1 . . . Largest Inventory Capacity 10 | 8 10 10 10 10 10 5 5 Average Capacity 8 | 7 8 10 10 10 8 5 5 Most Carried 10 | 5 10 10 10 10 10 5 5 Average Carried 6 | . 5 9 9 9 6 4 4 Final Capacity 10 | 8 10 10 10 10 5 5 5 Final Carried 10 | . 10 10 10 9 5 5 3 Class Distribution -------------------- 57% | Mutant 24% | Scavenger-Mutant 18% | Sprinter Dominant Class ---------------- Mutant | -10/Materials Mutant | -10/Mines Mutant | -10/Exiles Scavenger-Mutant | -9/Mines Scavenger-Mutant | -8/Materials Sprinter | -7/Factory Sprinter | -7/Garrison Resources | -11 -10 -10 -10 -9 -8 -7 -7 ----------- Run | Yrd Mat Min Exi Min Mat Fac Gar Matter Collected 846 | 260 202 10 . 19 181 60 114 Remotely . | . . . . . . . . Salvage Created 2038 | . 709 42 . 31 816 193 247 Parts 114 | . 51 7 . 4 34 5 13 Haulers Intercepted 7 | . 2 . . . 3 2 . Recyclers Shooed 1 | . . . . . 1 . . Parts Field Recycled . | . . . . . . . . Retrieved Matter . | . . . . . . . . Parts Self-Destructed . | . . . . . . . . Prevented . | . . . . . . . . Kills | -11 -10 -10 -10 -9 -8 -7 -7 ------- Run | Yrd Mat Min Exi Min Mat Fac Gar Combat Hostiles Destroyed 38 | . 17 3 . 2 9 1 6 Melee 3 | . . . . . . . 3 Guns 28 | . 17 3 . 2 6 . . AOE 2 | . . . . . 2 . . Classes Destroyed 9 | . 5 . . . 3 . 1 Worker 3 | . 2 . . . 1 . . Hauler 7 | . 2 . . . 3 2 . Recycler 2 | . . . . . 2 . . Operator 3 | . 1 . . . . 2 . Swarmer 8 | . 3 3 . 2 . . . Cutter 3 | . . . . . . . 3 Grunt 19 | . 14 . . . 5 . . Duelist 1 | . . . . . 1 . . Sentry 7 | . . . . . 3 1 3 Best Kill Streak 9 | . 9 3 . 2 4 3 2 Combat Bots Only 8 | . 8 3 . 2 4 1 2 Max Kills in Single Turn 2 | . 2 1 . 1 1 1 1 Gunslinging . | . . . . . . . . Exploded 1 | . . . . . 1 . . Melee 1 | . . . . . . . 1 Uniques/NPCs Destroyed . | . . . . . . . . Combat | -11 -10 -10 -10 -9 -8 -7 -7 -------- Run | Yrd Mat Min Exi Min Mat Fac Gar Hostile Shots Fired 260 | . 82 12 . 14 24 . 128 Missed 79 | . 12 6 . 4 6 . 51 Hits 181 | . 70 6 . 10 18 . 77 Melee 23 | . . . . . . . 23 Projectile 158 | . 70 6 . 10 18 . 54 AOE 1 | . . . . . 1 . . Critical Strikes 8 | . . . . . 1 . 7 Damage Taken 2265 | . 729 52 . 77 468 . 939 Core 648 | . 196 8 . 29 143 . 272 Absorbed by Shields 71 | . . . . . . . 71 Core Remaining (%) 60 | 100 . . . 6 74 . . Volleys Fired 140 | . 85 4 . 6 43 . 2 Largest 2 | . 2 2 . 2 2 . 1 Hottest 106 | . 90 90 . 90 106 . 60 Shots Fired 253 | . 149 8 . 13 81 . 2 Gun 251 | . 149 8 . 13 81 . . Cannon 2 | . . . . . . . 2 Launcher . | . . . . . . . . Special . | . . . . . . . . Kinetic 61 | . 61 . . . . . . Thermal 168 | . 88 8 . 13 59 . . Explosive . | . . . . . . . . Electromagnetic 24 | . . . . . 22 . 2 Robot Hit Streak 19 | . 8 2 . 4 19 . 2 Robot Miss Streak 6 | . 4 1 . 2 6 . . Penetration Max . | . . . . . . . . Secondary Targets 7 | . 4 1 . 1 1 . . Max Gunslinging Chain 1 | . 1 1 . 1 1 . . Shots Hit Robots 185 | . 94 4 . 7 51 6 23 Core Hits 86 | . 44 3 . 2 31 1 5 Critical Kills 3 | . 2 . . . . 1 . Critical Parts Destroyed 4 | . 1 . . . . 2 1 Critical Strikes 10 | . 3 1 . . 1 3 2 Burn 2 | . . 1 . . 1 . . Destroy 3 | . 3 . . . . . . Smash 4 | . . . . . . 3 1 Sever 1 | . . . . . . . 1 Melee Attacks 52 | . . . . . 4 9 39 Impact 45 | . . . . . 4 9 32 Slashing 7 | . . . . . . . 7 Piercing . | . . . . . . . . Sneak Attacks 5 | . . . . . . 4 1 Combat Hostiles 1 | . . . . . . . 1 Follow-up Attacks 2 | . . . . . . . 2 Damage Inflicted 3510 | . 1007 50 . 84 1008 435 926 Guns 1933 | . 1002 50 . 84 797 . . Cannons 12 | . . . . . . . 12 Explosions 364 | . . . . . 181 . 183 Melee 1196 | . . . . . 30 435 731 Ramming 5 | . 5 . . . . . . Kinetic 422 | . 422 . . . . . . Thermal 1347 | . 580 50 . 84 633 . . Explosive . | . . . . . . . . Electromagnetic 540 | . . . . . 345 . 195 Impact 1087 | . . . . . 30 435 622 Slashing 109 | . . . . . . . 109 Piercing . | . . . . . . . . Highest Corruption 7 | . 3 3 3 3 . 2 7 Average Corruption 2 | . 2 3 3 3 . 2 3 Corruption Purged . | . . . . . . . . Corruption Blocked . | . . . . . . . . Effects 18 | . . 3 8 3 . . 4 Message Errors 3 | . . 1 1 1 . . . Matter Fused 6 | . . 1 4 . . . 1 Heat Flow Errors 3 | . . . 1 . . . 2 Parts Fused 1 | . . . 1 . . . . Data Loss (minor) 1 | . . . 1 . . . . Data Loss (major) 2 | . . 1 . 1 . . . Misfires 1 | . . . . 1 . . . Alerts 1 | . . . . . . . 1 Overload Shots . | . . . . . . . . Overflow Damage 442 | . . . . . 15 283 144 Projectiles . | . . . . . . . . Explosions 15 | . . . . . 15 . . Melee 427 | . . . . . . 283 144 Knockbacks 2 | . . . . . . 1 1 Impact 2 | . . . . . . 1 1 Kinetic . | . . . . . . . . Secondary . | . . . . . . . . Self-Inflicted Damage 141 | . 2 . . . 55 . 84 Shots 2 | . . . . . 1 . 1 Rammed 1 | . 1 . . . . . . Targets Rammed 1 | . 1 . . . . . . Kicked . | . . . . . . . . Crushed . | . . . . . . . . Highest Temperature 237 | . 40 . 218 . 237 . 129 Average Temperature 55 | . 9 . 119 . 78 . 33 Received Heat Transfer 627 | . 306 . . . 153 . 168 Effects 1 | . . . . . 1 . . Energy Bleed 1 | . . . . . 1 . . Siege Activations . | . . . . . . . . Martial Activations . | . . . . . . . . Shielding Activations . | . . . . . . . . Robots Disrupted . | . . . . . . . . Combat Hostiles . | . . . . . . . . Robots Corrupted 7 | . . . . . 1 3 3 Combat Hostiles 5 | . . . . . 1 1 3 Parts Fried 9 | . . . . . 3 1 5 Impact Corruptions 15 | . . . . . 1 8 6 Robots Melted . | . . . . . . . . Combat Hostiles . | . . . . . . . . Parts Melted 6 | . 3 . . . 3 . . Heat Transferred 3106 | . 1360 222 . 223 1301 . . Parts Sabotaged . | . . . . . . . . Parts Stolen . | . . . . . . . . Parts Stripped . | . . . . . . . . Power Chain Reactions 4 | . . . . . 4 . . Latent Energy Used 318 | . . . . . . . 318 LE Corruption 5 | . . . . . . . 5 Alert | -11 -10 -10 -10 -9 -8 -7 -7 ------- Run | Yrd Mat Min Exi Min Mat Fac Gar Maximum Alert Level 1 | . 1 . . . 1 . 1 Low Security (%) 76 | 100 74 100 . 100 83 100 26 Level 1 23 | . 25 . . . 16 . 73 Level 2 . | . . . . . . . . Level 3 . | . . . . . . . . Level 4 . | . . . . . . . . Level 5 . | . . . . . . . . High Security . | . . . . . . . . Max Security . | . . . . . . . . Peak Influence 351 | . 229 85 . 50 351 160 329 Initial 153 | . . 65 . . . 153 93 Average 126 | . 147 50 . 17 115 122 210 Influence Increases 1675 | . 520 70 . 50 608 91 336 Destroy 0b10 Robot/C 800 | . 340 60 . 40 220 20 120 Destroy 0b10 Robot/NC 75 | . 25 . . . 30 20 . Destroy Leader 194 | . 84 10 . 10 66 14 10 Allied During Kill 4 | . . . . . 4 . . Successful Hack 94 | . 41 . . . 5 34 14 Disable Machine 30 | . . . . . 30 . . Anti-Garrison Action 150 | . . . . . 150 . . Destroy Structure 43 | . . . . . 13 3 27 Partial Spotted 15 | . 15 . . . . . . Lose Combat Pursuer 270 | . 15 . . . 90 . 165 Influence Decreases 1366 | . 352 183 55 50 270 295 161 Entered New Map 384 | . . 103 55 . . 185 41 Time Decay 762 | . 292 80 . 50 230 110 . Lost Part 200 | . 60 . . . 20 . 120 Lost Ally 20 | . . . . . 20 . . Squads Dispatched 10 | . 6 . . . 3 1 . Investigation 4 | . 3 . . . . 1 . Extermination . | . . . . . . . . Reinforcement 3 | . 3 . . . . . . Assault 2 | . . . . . 2 . . Garrison 1 | . . . . . 1 . . Intercept . | . . . . . . . . Searches Triggered . | . . . . . . . . Construction Impeded . | . . . . . . . . Haulers Reinforced . | . . . . . . . . Active Scanning Responses . | . . . . . . . . Cargo Convoy Interrupts . | . . . . . . . . Stealth | -11 -10 -10 -10 -9 -8 -7 -7 --------- Run | Yrd Mat Min Exi Min Mat Fac Gar Distress Signals 7 | . 3 . . . 4 . . Communications Jammed . | . . . . . . . . Distress Signals . | . . . . . . . . Times Spotted 80 | . 34 3 . 3 26 1 13 Peak Tracking Total 9 | . 9 3 . 3 8 1 7 Tactical Retreats 8 | . 1 . . . 2 . 5 Traps | -11 -10 -10 -10 -9 -8 -7 -7 ------- Run | Yrd Mat Min Exi Min Mat Fac Gar Traps Triggered 5 | . 3 . . . . 2 . Indirectly . | . . . . . . . . Trap Hack Attempts . | . . . . . . . . Triggered . | . . . . . . . . Disarmed . | . . . . . . . . Reprogrammed . | . . . . . . . . Reused . | . . . . . . . . Traps Extracted . | . . . . . . . . Installed . | . . . . . . . . Triggered . | . . . . . . . . Machines | -11 -10 -10 -10 -9 -8 -7 -7 ---------- Run | Yrd Mat Min Exi Min Mat Fac Gar Machines Disabled 3 | . . . . . 3 . . Max in Single Turn 1 | . . . . . 1 . . Garrison Access 1 | . . . . . 1 . . Machines Repaired . | . . . . . . . . Machines Dismantled . | . . . . . . . . Machines Sabotaged . | . . . . . . . . Overloaded Fab Kills . | . . . . . . . . Hacking | -11 -10 -10 -10 -9 -8 -7 -7 --------- Run | Yrd Mat Min Exi Min Mat Fac Gar Machines Accessed 18 | . 4 . 2 . 4 7 1 Terminals 13 | . 4 . . . 3 5 1 Fabricators . | . . . . . . . . Repair Stations . | . . . . . . . . Recycling Units . | . . . . . . . . Scanalyzers 2 | . . . . . 1 1 . Garrison Access 1 | . . . . . . 1 . Total Hacks 53 | . 11 . 5 . 19 17 1 Successful 25 | . 5 . 5 . 10 4 1 Failed 28 | . 6 . . . 9 13 . Catastrophic 4 | . . . . . 1 3 . Database Lockouts . | . . . . . . . . Manual 31 | . 11 . 1 . 9 10 . Terminals 34 | . 11 . . . 9 13 1 Fabricators . | . . . . . . . . Repair Stations . | . . . . . . . . Recycling Units . | . . . . . . . . Scanalyzers 13 | . . . . . 10 3 . Garrison Access 1 | . . . . . . 1 . Terminal Hacks 8 | . 1 . 5 . . 1 1 Record 4 | . . . 4 . . . . Branch Access Points 1 | . 1 . . . . . . Emergency Access Points 1 | . . . . . . . 1 Reinforcement Status 1 | . . . . . . 1 . Proto ID Catalog 1 | . . . 1 . . . . Fabricator Hacks . | . . . . . . . . Repair Station Hacks . | . . . . . . . . Recycling Unit Hacks . | . . . . . . . . Scanalyzer 9 | . . . . . 8 1 . Insert Component 5 | . . . . . 4 1 . Analyze 4 | . . . . . 4 . . Garrison Access Hacks 1 | . . . . . . 1 . Unlock Access 1 | . . . . . . 1 . Unauthorized Hacks 7 | . 4 . . . 2 1 . Terminals 7 | . 4 . . . 2 1 . Botnet 7 | . 4 . . . 2 1 . Fabricators . | . . . . . . . . Repair Stations . | . . . . . . . . Recycling Units . | . . . . . . . . Scanalyzers . | . . . . . . . . Garrison Access . | . . . . . . . . Data Cores Recovered 2 | . . . . . . 2 . Used 1 | . . . . . . 1 . Hacking Detections 13 | . 3 . . . 3 6 1 Full Trace Events 3 | . 2 . . . . 1 . Feedback Events . | . . . . . . . . Feedback Blocked . | . . . . . . . . Robot Schematics Acquired . | . . . . . . . . Robots Built . | . . . . . . . . Authchips . | . . . . . . . . Time . | . . . . . . . . Total Robot Build Rating . | . . . . . . . . Part Schematics Acquired 3 | . . . . . 3 . . Parts Built . | . . . . . . . . Authchips . | . . . . . . . . Time . | . . . . . . . . Total Part Build Rating . | . . . . . . . . Parts Repaired . | . . . . . . . . Time . | . . . . . . . . Parts Recycled . | . . . . . . . . Recycled Matter . | . . . . . . . . Retrieved Matter . | . . . . . . . . Retrieved Components . | . . . . . . . . Parts Scanalyzed 4 | . . . . . 3 1 . Part Schematics Acquired 3 | . . . . . 3 . . Parts Damaged . | . . . . . . . . Bothacking | -11 -10 -10 -10 -9 -8 -7 -7 ------------ Run | Yrd Mat Min Exi Min Mat Fac Gar Used RIF Installer . | . . . . . . . . Robots Hacked . | . . . . . . . . Non-combat . | . . . . . . . . Combat . | . . . . . . . . Robot Hacks Applied . | . . . . . . . . Relay Couplers Released 1 | . . . . . 1 . . Machine Destruction 1 | . . . . . 1 . . Fabnet Peak Effective % . | . . . . . . . . Robots Rewired . | . . . . . . . . Allies Hacked . | . . . . . . . . Hacks Repelled . | . . . . . . . . Allies | -11 -10 -10 -10 -9 -8 -7 -7 -------- Run | Yrd Mat Min Exi Min Mat Fac Gar Total Allies 1 | . . . . 1 . . . Largest Group 1 | . . . . 1 1 . . Highest-Rated Group 31 | . . . . 31 31 . . Highest-Rated Ally 31 | . . . . 31 31 . . Total Orders . | . . . . . . . . Ally Attacks 22 | . . . . . 22 . . Total Damage 318 | . . . . . 318 . . Kills 2 | . . . . . 2 . . Allies Corrupted . | . . . . . . . . Allies Melted . | . . . . . . . . Intel | -11 -10 -10 -10 -9 -8 -7 -7 ------- Run | Yrd Mat Min Exi Min Mat Fac Gar Active Infowar (turns) 194 | . 93 . . . . . 101 Terrain 93 | . 93 . . . . . . Jamming 101 | . . . . . . . 101 Robot Analysis Total . | . . . . . . . . Derelict Logs Recovered 1 | . . 1 . . . . . Drone Launches . | . . . . . . . . Drone Recoveries . | . . . . . . . . Exploration | -11 -10 -10 -10 -9 -8 -7 -7 ------------- Run | Yrd Mat Min Exi Min Mat Fac Gar Turns Passed 2652 | 59 779 167 324 127 651 230 315 Spaces Moved 2647 | 60 509 170 359 114 645 492 298 Core 19 | 15 . . . . 4 . . Treads . | . . . . . . . . Legs . | . . . . . . . . Wheels 1505 | 45 509 170 359 114 308 . . Hover . | . . . . . . . . Flight 1123 | . . . . . 333 492 298 Fastest Speed 24 | 50 90 90 90 95 34 28 24 Average Speed 64 | 80 90 90 90 95 60 28 28 Slowest Speed 550 | 90 100 90 90 110 550 31 200 Overloaded Moves 55 | . . . . . . . 55 Propulsion Burnouts . | . . . . . . . . Robots Hopped 2 | . . . . . 2 . . Potential Cave-ins . | . . . . . . . . Cave-ins Triggered . | . . . . . . . . Exploration Rate (%) 37 | 4 74 28 87 29 36 12 29 Regions Visited 7 Branch Regions 3 Pre-discovered Areas 1 | . . . 1 . . . . Known Exits Taken 2 | . 1 . . . . 1 . Unknown Exits Taken 5 | 1 . 1 1 1 1 . . Scrap Searched 1 | . . 1 . . . . . Spaces Dug 8 | . . . . . 3 3 2 Terrain Destroyed 43 | . . . . . 12 3 28 Melee 8 | . . . . . 3 3 2 Projectile . | . . . . . . . . AOE 35 | . . . . . 9 . 26 Terrain Rammed . | . . . . . . . . Walls Destroyed . | . . . . . . . . Machines Disabled . | . . . . . . . . Actions | -11 -10 -10 -10 -9 -8 -7 -7 --------- Run | Yrd Mat Min Exi Min Mat Fac Gar Total 3274 | 70 692 176 360 120 819 570 467 Wait 260 | . 54 1 . . 72 35 98 Move 2636 | 59 508 169 358 113 640 491 298 Hop 2 | . . . . . 2 . . Pick Up 69 | 5 24 1 1 . 20 6 12 Fast Attach 6 | 1 . . . . 3 1 1 Attach 37 | 5 7 . . 1 9 2 13 Detach 2 | . . . . . . . 2 Swap 13 | . 4 . . . 6 2 1 Drop 40 | . 9 1 1 . 20 6 3 Fire 140 | . 85 4 . 6 43 . 2 Melee 50 | . . . . . 4 9 37 Ram 1 | . 1 . . . . . . Kick . | . . . . . . . . Crush . | . . . . . . . . Escape Stasis 18 | . . . . . . 18 . Rewire . | . . . . . . . . Trap . | . . . . . . . . Miscellaneous . | . . . . . . . . Route ------- -11/Scrapyard -10/Materials (discovered 3 exits: [*Mat x2] / *Min) -10/Mines -10/Exiles -9/Mines -8/Materials -7/Factory (discovered 2 exits: [*Sto] / Gar) -7/Garrison (discovered 1 exit: [*Fac]) History --------- Turn | Location | Event 22 | -11/Scrapyard | Discovered new exit (range 15) 60 | -11/Scrapyard | Entered Materials 240 | -10/Materials | Destroyed 8 combat bots 310 | -10/Materials | Discovered new exit (range 16) 316 | -10/Materials | Build established: Mutant 343 | -10/Materials | Identified exit to Mines 458 | -10/Materials | Core integrity fell below 50% 647 | -10/Materials | Discovered new exit (range 3) 769 | -10/Materials | Discovered new exit (range 12) 839 | -10/Materials | Entered Mines 847 | -10/Mines | YI-UF0 nonchalantly dropped a Grenade Launcher on the ground 893 | -10/Mines | Deemed a non-threat by the Exiles lab entrance 893 | -10/Mines | Discovered new exit (range 5) 909 | -10/Mines | Learned Materials emergency access door positions 949 | -10/Mines | Core integrity fell below 20% 1006 | -10/Mines | Entered Exiles 1029 | -10/Exiles | Met 8R-AWN 1043 | -10/Exiles | Met EX-HEX 1070 | -10/Exiles | Met EX-BIN 1081 | -10/Exiles | Aligned with FarCom system 1082 | -10/Exiles | Given EX-Vault access code 1103 | -10/Exiles | Opened EX-Vault 1109 | -10/Exiles | Found Latent Energy Streamer 1127 | -10/Exiles | Warned to stay clear of 0b10 Research branches 1152 | -10/Exiles | Met EX-DEC 1157 | -10/Exiles | Learned location of Zion (-6) 1212 | -10/Exiles | Visited The Gauntlet 1320 | -10/Exiles | Discovered new exit (range 14) 1330 | -10/Exiles | Left Exiles lab with Latent Energy Streamer 1330 | -10/Exiles | Entered Mines 1354 | -9/Mines | Escorted by a lone wolf Derelict 1412 | -9/Mines | Discovered new exit (range 7) 1457 | -9/Mines | Entered Materials 1457 | -8/Materials | Accompanied by 1 ally 1457 | -8/Materials | Evolved 4 slots: Propulsion x1, Utility x3 1673 | -8/Materials | Build established: Scavenger-Mutant 1951 | -8/Materials | Discovered new exit (range 13) 1994 | -8/Materials | Garrison activated, responded to threat 2108 | -8/Materials | Entered Factory 2108 | -7/Factory | Evolved 2 slots: Propulsion x1, Utility x1 2286 | -7/Factory | Discovered new exit (range 14) 2331 | -7/Factory | Identified exit to Garrison 2338 | -7/Factory | Entered Garrison 2469 | -7/Garrison | Discovered new exit (range 15) 2534 | -7/Garrison | Lost 4 parts (1p1n1u1w) 2588 | -7/Garrison | Triggered checkpoint 2628 | -7/Garrison | Lost 3 parts (3n) 2653 | -7/Garrison | Self-destructed Last Messages --------------- 02597_ Xenon Bombardment Thruster destroyed. 02597_ Slug penetrates G-47 Trooper. 02599_ Acquired Hvy. Ion Engine. 02603_ Acquired Imp. Deuterium Engine. 02604_ Acquired 35 matter. 02607_ Acquired VTOL Module. 02613_ Acquired 10 matter. 02624_ Dropped Hvy. Ion Engine. 02624_ Acquired Lgt. Angular Momentum Engine. 02644_ Destroyed Imp. Heat Sink. 02644_ G-47 Trooper system corrupted by crushing effect. 02644_ G-47 Trooper knocked back. 02645_ Critical hit (Burn: +37). 02647_ System corrupted: Heat flow error (+141). 02648_ H-55 Commando IFF system glitched. 02648_ Penetrated by Slug. 02648_ Machine disabled. 02649_ Imp. Deuterium Engine destroyed. 02651_ VTOL Module destroyed. 02651_ G-47 Trooper IFF system glitched. Map ----- +----------------------------------------------------+ | | | | | | | | | | | | | | | | | | | | | | | | | | | | | ???????????????????????????????????????????????? | | ??????????????????????##############???????????? | | ??????????????????????#" """"""""#???????????? | | ??????????????????????#"" "*""g" "#???????????? | | ??????????????????????#"" " " "#???????????? | | ??????????????????????#" "#???????????? | | ??????????????????????#"""! "#???????????? | | ????????????????????###### "#???????????? | | ?????????????######## ## "#???????????? | | ?????????????# ## # m"#???????????? | | ?????????????+ < [%## " "##???????????? | | ?????????????# ### !h@ "" "#????????????? | | ?????????????### #?# g """"""#????????????? | | ???????????????# #?######;#######????????????? | | ???????????????# #??????# #??????????????????? | | ???????????????# g#??????###??????????????????? | | ???????????????# g#???????????????????????????? | | ???????????????#Y #???????????????????????????? | | ???????????????# #???????????????????????????? | | ???????????????# [=##??????????????????????????? | | ???????????????+ ! %#??????????????????????????? | | ???????????????# =##??????????????????????????? | | ???????????????# #???????????????????????????? | | ?????+?????????# #???????????????????????????? | | ???????????????# #????????+??????????????????? | | ???????????????# #???????????????????????????? | | ?+???????+?????# #???????????????????????????? | | ???????????????# #???????????????????????????? | | ???????????????# #???????????????????????????? | | ?????+?????????# #???????????????????????????? | | ???????????????# #???????????????????????????? | | ???????????#???# ####????????????????????????? | | ??????????? ???+ " +????????????????????????? | | ??????????? ??## ####???#????????????????????? | | ??????????# #?#" " #?? #????????????????????? | | ????????# #"###" !""### #????????????????????? | +----------------------------------------------------+ Best States ------------- Heat Dissipation 62 Energy Generation 16 Energy Capacity 515 Matter Stores 300 Matter Capacity 300 Sight Range 16 Terrain Scan Range 14 Terrain Scan Density 10 Jamming Range 12 Armor Coverage 300 Evasion (%) 72 Melee Accuracy 11 Item Schematics ----------------- Imp. EM Shotgun | -8/Materials | Scanalyzed Hvy. Ion Engine | -8/Materials | Scanalyzed Adv. Beam Rifle | -8/Materials | Scanalyzed Robot Schematics ------------------ None Fabricated ------------ Nothing Repaired ---------- Nothing Alien Tech Used ----------------- None Achievements -------------- None Challenges ------------ None Game ------ Seed FactoryRocketTelecube Manual? 0 Play Time 00:58:55 Cumulative 39.1 hours Start 2025.06.17 @ 21:18:43 End 2025.06.17 @ 23:04:30 Sessions 3 Manual Loads 0 Difficulty Rogue Special Mode None Game No. 49 Rogue 49 Adventurer 0 Explorer 0 Win Type - Total 1 Types 1/0/0/0/0/0/0/0/0/0 Lore% 26 Gallery% 29 Achievement% 32 Wizard Run 0 Options --------- Layout 0 ASCII 0 Keyboard 0 Movement Numpad Keybinds 0 Fullscreen 1 Font 24/Smallcaps Map View 76x50 Zoom Use 0% Tactical HUD 1 Map Filters NONE Filters NONE Steam 1 RUN: 6e0d71f9-9d70-477d-894c-71088f985870